 Dungeon Crawl Stone Soup version 0.17.0-28-g6e173f8 (webtiles) character file.

99 dohliylev the Covert (level 4, 0/33 HPs)
             Began as a Vampire Assassin on Nov 22, 2015.
             Slain by 4thArraOfDagon's ghost (8 damage)
             ... on level 3 of the Dungeon.
             The game lasted 00:36:08 (2487 turns).

dohliylev the Covert (Vampire Assassin)             Turns: 2487, Time: 00:36:08

Health: 0/33       AC:  3    Str: 10    XL:     4   Next: 45%
Magic:  13/13      EV: 12    Int: 13    God:
Gold:   148        SH:  0    Dex: 16    Spells: 0 memorised, 3 levels left

rFire  + . .     SeeInvis +     a - +2 dagger
rCold  + + .     Clarity  .     c - +0 robe
rNeg   + + .     SustAt   .     (no shield)
rPois  +         Gourm    .     (no helmet)
rElec  +         Spirit   .     d - +0 cloak
rCorr  +         Warding  .     (no gloves)
rMut   .         Stasis   .     (no boots)
MR     .....                    (no amulet)
Stlth  +++++.....               (no ring)
                                h - ring of magical power

@: resistant, regenerating slowly, not resistant to hostile enchantments, quite
stealthy
A: fangs 3, see invisible, unbreathing
a: Bat Form


You were on level 3 of the Dungeon.
You were thirsty.

You visited 1 branch of the dungeon, and saw 3 of its levels.

You collected 148 gold pieces.

Inventory:

Hand Weapons
 a - a +2 dagger (weapon)
 b - a +2 blowgun
 n - a +0 dagger
Missiles
 m - a curare-tipped needle
 s - 2 poisoned needles
Armour
 c - a +0 robe (worn)
 d - a +0 cloak (worn)
Jewellery
 h - a ring of magical power (left hand)
Wands
 p - a wand of invisibility (5)
Scrolls
 f - 3 scrolls of teleportation
 l - 3 scrolls of identify {unknown}
 o - a scroll of random uselessness {unknown}
 t - a scroll of fog {unknown}
Potions
 e - a potion of flight {unknown}
 g - 15 potions of blood
 i - a potion of brilliance {unknown}
 j - 2 potions of ambrosia {unknown}
 k - 3 potions of curing {unknown}
 r - a potion of magic {unknown}


   Skills:
 + Level 2.0 Fighting
 + Level 2.2 Short Blades
 + Level 2.0 Throwing
 + Level 1.2 Dodging
 * Level 8.4 Stealth


You had 3 spell levels left.
You didn't know any spells.

Dungeon Overview and Level Annotations

Branches:
Dungeon (3/15)

Altars:

Annotations:
D:3 4thArraOfDagon's ghost, amateur MiBe


Innate Abilities, Weirdness & Mutations

You heal slowly.
You have razor-sharp teeth.
You have supernaturally acute eyesight.
You can survive without breathing.


Message History

4thArraOfDagon's ghost barely misses you.
You closely miss 4thArraOfDagon's ghost.
You bite 4thArraOfDagon's ghost. 4thArraOfDagon's ghost is moderately damaged. 4thArraOfDagon's ghost misses you.
You closely miss 4thArraOfDagon's ghost. 4thArraOfDagon's ghost is moderately damaged. 4thArraOfDagon's ghost hits you.
You closely miss 4thArraOfDagon's ghost. 4thArraOfDagon's ghost is moderately damaged. 4thArraOfDagon's ghost hits you!
* * * LOW HITPOINT WARNING * * *
Drink which item? (? for menu, Esc to quit)
It was a potion of resistance.
You feel protected. 4thArraOfDagon's ghost barely misses you.
You hit 4thArraOfDagon's ghost. 4thArraOfDagon's ghost is heavily damaged. 4thArraOfDagon's ghost hits you!
You die...

#############
##^....#...!.##
##.............##
#........@W(....#
#...........(...#
#...............#
#.<.............#
#...............#
#...............#
##........รท....##
##..(...>....##
##.....#.######


You could see 4thArraOfDagon's ghost.

Vanquished Creatures
  Ijyb (D:2)
  An adder (D:3)
  An ooze (D:2)
  3 worms (D:2)
  An orc (D:3)
  11 goblins
  4 hobgoblins
  2 jackals (D:3)
  2 kobolds (D:3)
  2 quokkas
  4 bats
  3 giant cockroaches
  6 giant newts
  11 rats
52 creatures vanquished.

Notes
Turn   | Place    | Note
--------------------------------------------------------------
     0 | D:1      | dohliylev the Vampire Assassin began the quest for the Orb.
     0 | D:1      | Reached XP level 1. HP: 16/16 MP: 1/1
    50 | D:1      | Reached skill level 6 in Stealth
   244 | D:1      | Reached XP level 2. HP: 22/22 MP: 2/2
   459 | D:1      | Reached skill level 7 in Stealth
   993 | D:2      | Reached XP level 3. HP: 11/27 MP: 3/3
  1046 | D:2      | Noticed Ijyb
  1073 | D:2      | Killed Ijyb
  1236 | D:2      | Reached skill level 8 in Stealth
  1302 | D:2      | Reached XP level 4. HP: 17/33 MP: 4/4
  1577 | D:3      | Noticed 4thArraOfDagon's ghost (amateur MiBe)
  2487 | D:3      | Slain by 4thArraOfDagon's ghost

Action                   |  1- 3 |  4- 6 || total
-------------------------+-------+-------++-------
Melee: Dagger            |    57 |    48 ||   105
 Fire: Blowgun           |    35 |    17 ||    52
 Abil: End Transformatio |     1 |       ||     1
       Bat Form          |     1 |       ||     1
  Use: Scroll            |     4 |       ||     4
       Potion            |       |     4 ||     4
 Stab: Sleeping          |    15 |     8 ||    23
       Distracted        |     1 |       ||     1
